 Dungeon Sprint DCSS version 0.29.1-15-g9cfb28693d (webtiles) character file.

Game seed: 12383175552936269532

849 Groucho the Fighter (level 8, 0/71 HPs)
             Began as a Barachi Fighter on Mar 4, 2023.
             Was a Follower of Cheibriados.
             Killed from afar by a gargoyle (11 damage)
             ... with a stone arrow
             ... in the Dungeon (Sprint IX: "|||||||||||||||||||||||||||||").
             The game lasted 00:02:15 (437 turns).

Groucho the Fighter (Barachi Fighter)                Turns: 437, Time: 00:02:15

Health: 0/71       AC: 13    Str: 22    XL:     8   Next: 1%
Magic:  11/11      EV: 11    Int: 11    God:    Cheibriados [*.....]
Gold:   0          SH:  6    Dex: 16    Spells: 7/7 levels left

rFire   . . .      SeeInvis .   a - +0 long sword
rCold   . . .      Faith    .   c - +0 buckler
rNeg    . . .      Spirit   .   o - +1 chain mail
rPois   .          Reflect  .   (no helmet)
rElec   .          Harm     .   l - +0 cloak
rCorr   .          Rampage  .   (no gloves)
Will    .....      NoTele   +   (no boots)
Stlth   ..........              (no amulet)
HPRegen 0.21/turn               (no ring)
MPRegen 0.12/turn               (no ring)

@: very slow
A: amphibious, slowness 1, strong legs 1, +LOS
a: Hop, Renounce Religion, Bend Time


You were in the Dungeon.
You worshipped Cheibriados.
Cheibriados was aware of your devotion.
You visited 1 branch

Inventory:

Hand Weapons
 a - a +0 long sword (weapon)
Armour
 b - a +0 scale mail
 c - a +0 buckler (worn)
 l - a +0 cloak (worn)
 o - a +1 chain mail (worn)
Jewellery
 m - a +2 ring of evasion
 n - a +3 ring of intelligence
Wands
 k - a wand of roots (10)
Scrolls
 i - 2 scrolls of amnesia
 j - a scroll of blinking
Potions
 g - a potion of haste
 h - 4 potions of magic


   Skills:
 + Level 9.4 Fighting
 + Level 8.9 Long Blades
 + Level 9.3 Armour
 + Level 7.7 Dodging
 + Level 8.5 Shields
 * Level 5.1 Invocations


You had 7 spell levels left.
You didn't know any spells.
Your spell library was empty.

Dungeon Overview and Level Annotations

Branches:
Dungeon (1/1)

Altars:
Cheibriados
Dithmenos
Elyvilon
Fedhas
Gozag
Hepliaklqana
Kikubaaqudgha
Makhleb
Nemelex Xobeh
Okawaru
Qazlal
Ru
Sif Muna
Trog
Uskayaw
Vehumet
Wu Jian
Xom
Yredelemnul
Zin
The Shining One
Jiyva
Lugonu


Innate Abilities, Weirdness & Mutations

You are amphibious.
You cover ground slowly.
You can hop short distances.
You have an extended range of vision and can be seen from far away.


Message History

Unknown command.
You hit the gargoyle but do no damage.
The gargoyle hits you with a +0 dire flail!
* * * LOW HITPOINT WARNING * * *
Unknown command.
Unknown command.
Blink to where?
Press: ? - help, Dir - move target
As you read the scroll of blinking, it crumbles to dust.
There is an open door here.
You flicker for a moment.
There is a glowing golden altar of the Shining One here.
You close the door.
There is a glowing silver altar of Zin here.
There is a basalt altar of Yredelemnul here.
You flicker back into view.
A gargoyle breaks down the door.
There is a shimmering altar of Xom here.
The shadow slips into darkness.
The shadow flickers and vanishes!
Deactivating autopickup; reactivate with Ctrl-A.
There is an ornate altar of the Wu Jian Council here.
There is a radiant altar of Vehumet here.
There is a hide-covered altar of Uskayaw here.
The gargoyle hurls a stone arrow at you.
The stone arrow misses you.
There is a bloodstained altar of Trog here.
There is a shimmering blue altar of Sif Muna here.
The gargoyle hurls a stone arrow at you.
The stone arrow hits you!
* * * LOW HITPOINT WARNING * * *
There is a sacrificial altar of Ru here.
Unknown command.
Press < or > to pray at altars.
You feel better.
The gargoyle hurls a stone arrow at you.
You block the stone arrow.
The gargoyle hurls a stone arrow at you.
The stone arrow hits you!
You die... ▓▓▓▓▓▓▓▓▓▓▓▓▓▓▓▓▓▓▓▓▓▓▓▓▓▓▓▓▓▓▓▓▓ ..'_____________@___9{_____'..).. ▓▓▓▓▓▓▓▓▓▓▓▓▓▓▓▓▓▓▓▓▓▓▓▓▓▓▓▓▓▓▓▓▓

You could see a gargoyle.

Vanquished Creatures
  A shadow (D)
  2 wraiths (D)
  A black bear (D)
  2 ice beasts (D)
  A centaur (D)
  A jelly (D)
  A jackal (D)
  2 ball pythons (D)
  2 frilled lizards (D)
  A kobold (D)
14 creatures vanquished.

Notes
Turn   | Place    | Note
-------+----------+-------------------------------------------
     0 | D        | Groucho the Barachi Fighter began the quest for the Orb.
     0 | D        | Reached XP level 1. HP: 18/18 MP: 1/1
    13 | D        | Reached skill level 1 in Dodging
    21 | D        | Noticed a jelly
    21 | D        | Noticed an ice beast
    21 | D        | Noticed a black bear
    21 | D        | Noticed an ice beast
    23 | D        | Killed a jelly
    24 | D        | Reached XP level 2. HP: 20/26 MP: 2/2
    24 | D        | Reached XP level 3. HP: 24/32 MP: 3/3
    36 | D        | Killed an ice beast
    37 | D        | Reached skill level 5 in Long Blades
    37 | D        | Reached skill level 5 in Shields
    37 | D        | Reached XP level 4. HP: 40/40 MP: 4/4
    37 | D        | Reached XP level 5. HP: 46/46 MP: 5/5
    41 | D        | Killed a black bear
    42 | D        | Reached skill level 5 in Dodging
    46 | D        | Killed an ice beast
    47 | D        | Reached XP level 6. HP: 41/56 MP: 6/6
   304 | D        | Found a snail-covered altar of Cheibriados.
   304 | D        | Found a shadowy altar of Dithmenos.
   304 | D        | Found a white marble altar of Elyvilon.
   304 | D        | Found a blossoming altar of Fedhas.
   304 | D        | Found an opulent altar of Gozag.
   304 | D        | Found a hazy altar of Hepliaklqana.
   305 | D        | Found a viscous altar of Jiyva.
   306 | D        | Found an ancient bone altar of Kikubaaqudgha.
   307 | D        | Found a corrupted altar of Lugonu.
   308 | D        | Became a worshipper of Cheibriados the Contemplative
   309 | D        | Found a burning altar of Makhleb.
   310 | D        | Found a sparkling altar of Nemelex Xobeh.
   311 | D        | Found an iron altar of Okawaru.
   312 | D        | Found a stormy altar of Qazlal.
   313 | D        | Found a sacrificial altar of Ru.
   314 | D        | Found a shimmering blue altar of Sif Muna.
   315 | D        | Found a bloodstained altar of Trog.
   316 | D        | Found a hide-covered altar of Uskayaw.
   317 | D        | Found a radiant altar of Vehumet.
   318 | D        | Found an ornate altar of the Wu Jian Council.
   319 | D        | Found a shimmering altar of Xom.
   320 | D        | Found a basalt altar of Yredelemnul.
   321 | D        | Found a glowing silver altar of Zin.
   322 | D        | Found a glowing golden altar of the Shining One.
   370 | D        | Noticed a wraith
   370 | D        | Noticed a wraith
   370 | D        | Noticed a shadow
   370 | D        | Noticed a gargoyle
   370 | D        | Noticed a shadow
   390 | D        | Killed a wraith
   391 | D        | Reached XP level 7. HP: 60/63 MP: 7/9
   398 | D        | Killed a wraith
   398 | D        | Reached * piety under Cheibriados
   404 | D        | Killed a shadow
   405 | D        | Reached skill level 5 in Invocations
   405 | D        | Reached XP level 8. HP: 52/71 MP: 9/11
   435 | D        | HP: 2/71 [gargoyle/stone arrow (12)]
   437 | D        | Killed from afar by a gargoyle

Illustrated notes

Levels and vault maps discovered:
D:        linesprint [early_d, line_temple, items_1, d_10, items_2, lair_1,
          lair_end, items_3, orc_1, orc_end, items_4, d_15, swamp_1, shoals_1,
          snake_1, spider_1, d_20, vaults_1, items_5, swamp_end, shoals_end,
          snake_end, spider_end, vaults_end, d_27, items_6, zot_1, zot_end,
          crypt_end, forest_end, elf_end, slime_end, tomb_end, abyss_end,
          pan_hell_end]

Skill      XL: |  1  2  3  4  5  6  7 |
---------------+----------------------+-----
Dodging        | 2 4 6 7 |  7.7
Fighting       | 4 6 7 8 9 |  9.4
Armour         | 4 6 7 8 9 |  9.3
Long Blades    | 4 5 7 8 |  8.9
Shields        | 4 5 7 8 |  8.5
Invocations    | 3 5 |  5.1

Action                   |  1- 3 |  4- 6 |  7- 9 || total
-------------------------+-------+-------+-------++-------
Melee: Long sword        |    21 |    33 |    24 ||    78
  Use: Potion            |     4 |       |     7 ||    11
       Scroll            |       |       |     1 ||     1
 Stab: Invisible         |       |       |     2 ||     2
Armor: Scale mail        |     9 |     2 |       ||    11
       Chain mail        |       |    10 |     3 ||    13
Dodge: Dodged            |     5 |    21 |    11 ||    37
Block: Buckler           |     3 |    14 |    12 ||    29
